 Dungeon Crawl Stone Soup version 0.16-a0-3884-g0a5f664 (console) character file.

211483 Monkaria the Executioner (level 18, -4/160 HPs)
             Began as a Hill Orc Fighter on Feb 2, 2015.
             Was the Champion of Makhleb.
             Killed from afar by a merfolk aquamancer (14 damage)
             ... with a shard of ice
             ... on level 5 of the Shoals.
             The game lasted 02:54:01 (46279 turns).

Monkaria the Executioner (Hill Orc Fighter)        Turns: 46279, Time: 02:54:01

Health: -4/160     AC: 30    Str: 28    XL:     18   Next: 89%
Magic:  33/35      EV: 13    Int:  8    God:    Makhleb [******]
Gold:   1134       SH:  0    Dex: 16    Spells: 0 memorised, 17 levels left

rFire  + + +     SeeInvis .     x - +8 executioner's axe (freeze)
rCold  + . .     Clarity  .     U - +8 chain mail of Uwket {rN+ Str+3}
rNeg   + + .     SustAb   .     (no shield)
rPois  +         Gourm    .     C - -2 hat of the Alchemist {rElec rPois+ rF+ rC+ rN+ MR+ rMut rCorr}
rElec  +         Spirit   .     b - +2 cloak {+Inv}
rCorr  +         Warding  .     e - +2 pair of gloves
rMut   +         Stasis   .     J - +2 pair of boots
MR     ++...                    P - amulet of faith
Stlth  ..........               q - ring "Mnyurab" {+Fly rPois+ rF++ rC- Dex+4}
                                y - ring of protection from cold

@: flying, very slightly contaminated, invisible, very resistant to hostile
enchantments, extremely unstealthy
A: screaming 1, slow healing 1, spit poison 2, placid magic 1
a: Spit Poison, Minor Destruction, Lesser Servant of Makhleb, Major Destruction,
Greater Servant of Makhleb, Renounce Religion, Turn Visible, Stop Flying
}: 1/15 runes: gossamer


You were on level 5 of the Shoals.
You worshipped Makhleb.
Makhleb was exalted by your worship.
You were very hungry.

You visited 6 branches of the dungeon, and saw 38 of its levels.
You visited the Abyss 2 times.

You collected 4488 gold pieces.
You spent 3354 gold pieces at shops.

Inventory:

Hand weapons
 x - a +8 executioner's axe of freezing (weapon)
Missiles
 g - 122 poisoned needles
 A - 6 tomahawks of returning (quivered)
Armour
 b - a +2 cloak of invisibility (worn)
 e - a +2 pair of gloves (worn)
 w - a +1 helmet of see invisible
 C - the -2 hat of the Alchemist (worn) {rElec rPois+ rF+ rC+ rN+ MR+ rMut rCorr}
   (You bought it in a shop on level 4 of the Orcish Mines)

   It protects you from fire.
   It protects you from cold.
   It insulates you from electricity.
   It protects you from poison.
   It protects you from negative energy.
   It affects your resistance to hostile enchantments.
   It protects you from acid and corrosion.
   It protects you from mutation.
 J - a +2 pair of boots (worn)
 U - the +8 chain mail of Uwket (worn) {rN+ Str+3}
   (You found it on level 3 of the Shoals)

   It affects your strength (+3).
   It protects you from negative energy.
Rods
 M - a +0 rod of clouds (9/9)
   (You found it on level 3 of the Shoals)
Jewellery
 q - the ring "Mnyurab" (right hand) {+Fly rPois+ rF++ rC- Dex+4}
   (You found it on level 1 of the Shoals)

   [ring of flight]

   It affects your dexterity (+4).
   It greatly protects you from fire.
   It makes you vulnerable to cold.
   It protects you from poison.
   It lets you fly.
 y - a ring of protection from cold (left hand)
 P - an amulet of faith (around neck)
Magical devices
 c - a wand of fire (3)
 f - a wand of cold (2)
 o - a wand of fireball (6)
Scrolls
 a - 8 scrolls of identify
 l - 13 scrolls of magic mapping
 m - 8 scrolls of fog
 I - 10 scrolls of teleportation
 N - 8 scrolls of remove curse
 Z - 5 scrolls of fear
Potions
 h - 2 potions of might
 i - 4 potions of ambrosia
 j - 7 potions of agility
 k - 2 potions of resistance
 p - 3 potions of haste
 t - 2 potions of lignification
 z - 8 potions of berserk rage
 H - 2 potions of flight
 T - 8 potions of curing
Books
 n - the Tome of Necromancy and Conjuration
   (You found it on level 5 of the Shoals)

   Spells                             Type                      Level
   a - Static Discharge               Conjuration/Air              3
   b - Vampiric Draining              Necromancy                   3
   c - Control Undead                 Necromancy                   4
   d - Venom Bolt                     Conjuration/Poison           5
   e - Dispel Undead                  Necromancy                   5
Miscellaneous
 K - an ornate deck of changes {Dowsing}
 Q - a fan of gales
Comestibles
 d - 22 meat rations
 r - 3 chunks of flesh
 s - a poisonous chunk of flesh
 u - a bread ration


   Skills:
 - Level 14.0 Fighting
 - Level 23.1 Axes
 - Level 5.0 Throwing
 - Level 16.0 Armour
 - Level 6.1 Dodging
   Level 3.2 Shields
 - Level 17.1 Invocations
 + Level 12.6 Evocations


You had 17 spell levels left.
You didn't know any spells.

Dungeon Overview and Level Annotations

Branches:
Dungeon (15/15)            Temple (1/1) D:7            Lair (8/8) D:9
 Shoals (5/5) Lair:5       Spider (5/5) Lair:6        Slime (0/6) Lair:7
    Orc (4/4) D:9             Elf (0/3) Orc:3        Vaults (0/5) D:14
 Depths (0/5) D:15

Altars:
Ashenzari
Cheibriados
Dithmenos
Elyvilon
Fedhas
Gozag
Kikubaaqudgha
Makhleb
Nemelex Xobeh
Okawaru
Qazlal
Ru
Sif Muna
Trog
Vehumet
Xom
Yredelemnul
Zin
The Shining One
Beogh
Jiyva

Shops:
D:6 ==[!}   D:8 ?   D:9 *[*(?   D:11 (   Orc:1 =   Orc:4 =([*

Portals:
Hell: Lair:8

Annotations:
D:9 exclusion: ice statue
Shoals:5 Ilsuiw


Innate Abilities, Weirdness & Mutations

You occasionally shout uncontrollably at your foes.
You heal slowly when monsters are visible.
You can spit moderately strong poison.
Your spells are a little easier to cast, but a little less powerful.


Message History

The bolt of poison hits the merfolk aquamancer.
The merfolk aquamancer is poisoned.
Shadowy forms rise from the deep at the merfolk avatar's song!
You feel a bit more experienced.
A merfolk aquamancer comes into view. It is wielding a rapier of venom.
Use which ability? (? or * to list)
You fade into invisibility!
You are very lightly contaminated with residual magic.
You are feeling very hungry.
The shadowy forms in the deep grow still as others approach.
The merfolk aquamancer gestures at you while chanting.
The great wave of water hits you!
* * * LOW HITPOINT WARNING * * *
The wave splashes down.
The merfolk aquamancer points at you and mumbles some strange words.
The great wave of water hits your green death.
The wave splashes down.
The merfolk aquamancer points at you and mumbles some strange words.
The shard of ice hits you! You partially resist.
You die... ≈≈P.≈≈≈≈≈≈≈≈≈≈≈≈≈≈....≈≈≈≈≈≈≈ P≈≈ ≈≈..P≈≈≈≈≈≈≈≈≈≈≈≈≈...≈≈≈≈≈≈≈P≈P≈≈ ≈PP..≈≈≈≈≈...≈≈≈≈≈≈...≈≈≈≈≈≈≈≈PP. ≈..###..≈≈..........≈≈..≈.≈ ≈PPP. ≈..# #..≈≈≈......≈.).......P≈≈PP≈ P..###...≈≈≈...≈≈...#.P..# #..≈P≈ PP....)†.≈≈.........#...P# #PPPP

≈PP..(..≈≈≈.....≈≈.....P.####.≈P≈
PPP.....≈≈......@≈≈......P....P≈P
≈≈P≈....≈≈.........≈[^≈P......P≈≈
≈≈≈≈.....≈.........≈2m≈≈......≈≈≈
≈≈≈......≈≈........)≈≈≈#........≈
≈≈≈...≈######.........≈#........≈
≈≈≈..≈##≈≈≈≈≈#.mm...†......#....≈
≈≈≈≈≈##≈≈≈≈#≈≈#...........####..≈
≈≈≈≈≈#≈≈w#≈≈≈≈≈#≈≈≈≈≈≈....## #.÷≈
≈≈≈≈≈#≈≈≈≈#X≈#≈#≈≈PPP≈.....###.P≈


You could see a merfolk avatar, 2 merfolk aquamancers and a friendly green
death.

Vanquished Creatures
  Arachne (Spider:4)
  Polyphemus (Shoals:2)
  A storm dragon (D:14)
  Frances (D:14)
  Roxanne (D:14)
  The ghost of Herpmino the Devastator, a mighty TeWz of Vehumet (Shoals:3)
  Donald (Orc:3)
  Maud (Lair:3)
  6 emperor scorpions
  4 ghost moths
  A fire giant (D:13)
  A stone giant (Orc:4)
  Azrael (Spider:3)
  Snorg (D:14)
  3 ettins
  3 merfolk impalers
  Josephine (Orc:2)
  4 vault guards (D:14)
  Harold (D:13)
  Nessos (D:14)
  4 centaur warriors
  3 hydras
  A satyr (Shoals:4)
  2 merfolk avatars
  3 merfolk aquamancers
  2 alligator snapping turtles (Shoals:5)
  6 death yaks
  Urug (Orc:2)
  A fire crab (Lair:8)
  2 unseen horrors
  A catoblepas (Shoals:2)
  10 sea snakes
  A sun demon (Lair:8)
  2 deep elf knights (D:15)
  4 skeletal warriors (D:14)
  Erolcha (D:12)
  A wizard (Lair:8)
  8 hill giants
  10 harpies
  An ugly thing (D:11)
  7 water nymphs
  14 orb spiders
  6 manticores
  2 moths of wrath
  2 orc knights
  5 black mambas
  10 cyclopes
  10 griffons
  A worldbinder (Abyss:1)
  31 wolf spiders
  5 fauns
  9 hornets
  2 orc sorcerers
  A sixfirhy (Lair:8)
  2 centaur zombies
  A smoke demon (Lair:8)
  5 sirens
  7 orange demons
  12 spiny frogs
  4 torpor snails
  2 drowned souls (Shoals:3)
  A queen ant (Spider:4)
  A yaktaur (D:15)
  A gargoyle (D:13)
  16 komodo dragons
  16 demonic crawlers
  A fire drake (Lair:8)
  A queen bee (Orc:2)
  A blue devil (Lair:8)
  3 red devils
  A polar bear (Lair:4)
  3 wind drakes
  20 merfolk
  9 trolls
  A harpy skeleton (D:14)
  22 jumping spiders
  A two-headed ogre (D:12)
  9 snapping turtles
  31 trapdoor spiders
  2 boulder beetles
  10 blink frogs
  52 yaks
  A centaur simulacrum (D:14)
  2 wraiths
  3 basilisks
  A shadow (D:14)
  14 water elementals
  A deep elf mage (D:14)
  35 redbacks
  31 tarantellas
  2 ynoxinuls (Abyss:1)
  Eustachio (D:4)
  A fire elemental (Spider:3)
  6 hungry ghosts
  A neqoxec (Abyss:1)
  8 hippogriffs
  6 wyverns (Lair:6)
  14 soldier ants
  15 wolves
  The ghost of Econoterrorist the Insei, an average OpTm (D:4)
  2 wargs
  21 water moccasins
  8 hell hounds
  8 porcupines
  25 spiders
  15 orc warriors
  12 ice beasts
  2 necrophages
  4 phantoms
  A wasp (Spider:1)
  10 centaurs
  5 sky beasts
  3 ogres
  Duvessa (D:5)
  2 boring beetles
  19 giant frogs
  2 brain worms
  12 crocodiles
  2 wyvern skeletons
  A warg zombie (Orc:2)
  A water moccasin skeleton (D:4)
  14 scorpions
  19 killer bees
  4 wights (D:14)
  2 goliath beetles (D:8)
  14 hounds
  Dowan (D:5)
  9 crimson imps
  A lava snake (D:14)
  A quasit (D:8)
  8 electric eels
  2 giant frog zombies
  4 jellies
  9 iguanas
  A giant frog skeleton (D:5)
  16 orc priests
  2 centaur skeletons
  2 iron imps (Abyss:1)
  27 orc wizards
  7 spectral orcs (Lair:4)
  19 worker ants
  Ijyb (D:2)
  11 sheep
  2 hound skeletons (D:4)
  Terence (D:2)
  2 hound zombies
  A mummy (D:13)
  A worker ant zombie (D:10)
  Robin (D:2)
  25 adders
  4 gnolls (D:10)
  80 river rats
  7 shadow imps
  A white imp (Abyss:1)
  2 giant mites
  4 worms
  6 giant geckos
  142 orcs
  2 bat zombies
  29 hobgoblins
  10 quokkas
  22 bats
  5 giant cockroaches
  2 giant gecko skeletons
  5 giant newts
  A giant spore (D:8)
  28 goblins
  2 goblin zombies (Orc:2)
  9 jackals
  17 kobolds
  An orc simulacrum (Orc:2)
  An orc skeleton (Orc:2)
  15 rats
  6 ballistomycetes
  11 fungi
  6 plants
1363 creatures vanquished.

Vanquished Creatures (collateral kills)
  Norris (Spider:5)
  Asterion (Spider:1)
  Aizul (Spider:5)
  A ghost moth (Spider:5)
  An ettin (Orc:4)
  3 merfolk impalers
  5 hydras
  3 merfolk avatars
  6 death yaks
  2 catoblepae (Lair:4)
  Nergalle (Lair:4)
  7 orb spiders
  A wizard (D:14)
  3 cyclopes (Orc:4)
  A wolf spider (Spider:5)
  A water nymph (Shoals:3)
  A hornet (Spider:5)
  A black mamba (Lair:8)
  2 spiny frogs
  A demonic crawler (Spider:5)
  A komodo dragon (Lair:4)
  5 merfolk
  A jumping spider (Spider:5)
  A boulder beetle (Spider:1)
  8 redbacks
  2 tarantellas (Spider:5)
  3 trapdoor spiders (Spider:5)
  2 water elementals
  11 yaks
  2 ogres (Orc:4)
  2 crocodiles
  A crimson imp (D:14)
  2 orc wizards (Orc:4)
  An adder (Lair:8)
  2 river rats
  6 orcs (Orc:4)
  A plant (Lair:4)
94 creatures vanquished.

Vanquished Creatures (others)
  An Executioner (Orc:4)
  3 cacodemons
  A balrug (Lair:4)
  6 blizzard demons
  2 green deaths
  A merfolk aquamancer (Shoals:5)
  A siren (Shoals:3)
  12 drowned souls
  A yak (Lair:4)
  A chimera (Spider:5)
  3 centaurs (D:13)
  2 giant spores
  A goblin (D:2)
  8 fungi
  5 plants
  2 starspawn tentacles (Abyss:1)
  8 tentacles (Shoals:5)
58 creatures vanquished.

Grand Total: 1515 creatures vanquished

Notes
Turn   | Place    | Note
--------------------------------------------------------------
     0 | D:1      | Monkaria, the Hill Orc Fighter, began the quest for the Orb.
     0 | D:1      | Reached XP level 1. HP: 19/19 MP: 1/1
    84 | D:1      | Found an iron altar of Okawaru.
   123 | D:1      | Reached XP level 2. HP: 17/27 MP: 2/2
   445 | D:1      | Reached skill level 4 in Axes
   727 | D:2      | Reached XP level 3. HP: 24/33 MP: 3/3
   847 | D:2      | Noticed Terence
   858 | D:2      | Killed Terence
   859 | D:2      | Reached skill level 5 in Axes
   859 | D:2      | Reached XP level 4. HP: 38/40 MP: 2/4
   899 | D:2      | Noticed Ijyb
   907 | D:2      | Killed Ijyb
   923 | D:2      | Noticed Robin
   929 | D:2      | Reached skill level 6 in Axes
   935 | D:2      | Killed Robin
   935 | D:2      | Reached XP level 5. HP: 39/46 MP: 3/5
  1722 | D:3      | Found an ancient bone altar of Kikubaaqudgha.
  1724 | D:3      | Found a blossoming altar of Fedhas.
  1800 | D:3      | Reached skill level 7 in Axes
  2032 | D:4      | Noticed Eustachio
  2058 | D:4      | Killed Eustachio
  2058 | D:4      | Reached skill level 8 in Axes
  2058 | D:4      | Reached XP level 6. HP: 50/52 MP: 4/6
  2233 | D:4      | Noticed Econoterrorist's ghost (average OpTm)
  2267 | D:4      | Reached skill level 9 in Axes
  2283 | D:4      | Killed Econoterrorist's ghost
  2283 | D:4      | Reached XP level 7. HP: 34/59 MP: 5/7
  2441 | D:4      | Reached skill level 10 in Axes
  3042 | D:5      | Entered Level 5 of the Dungeon
  3103 | D:5      | Reached skill level 11 in Axes
  3107 | D:5      | Reached XP level 8. HP: 20/66 MP: 1/8
  3436 | D:5      | Reached skill level 12 in Axes
  3559 | D:5      | Noticed Duvessa
  3559 | D:5      | Noticed Dowan
  3588 | D:5      | Killed Duvessa
  3598 | D:5      | Killed Dowan
  4041 | D:5      | Reached skill level 13 in Axes
  4183 | D:6      | Found Thuec's Antique Armour Shop.
  4189 | D:6      | Bought an embroidered cloak for 130 gold pieces
  4300 | D:6      | Found Joatouf's Distillery.
  4309 | D:6      | Bought a potion of curing for 36 gold pieces
  4309 | D:6      | Bought a potion of heal wounds for 60 gold pieces
  4309 | D:6      | Bought a potion of restore abilities for 60 gold pieces
  4352 | D:6      | Found Zeala's Jewellery Shop.
  4355 | D:6      | Found Brunich's Jewellery Boutique.
  4364 | D:6      | Reached skill level 5 in Armour
  4454 | D:6      | Reached XP level 9. HP: 68/71 MP: 9/9
  4530 | D:6      | Found a bloodstained altar of Trog.
  4555 | D:6      | Found Kloggoq's Gadget Shoppe.
  4816 | D:7      | Found a basalt altar of Yredelemnul.
  5052 | D:7      | Found a deep blue altar of Sif Muna.
  5228 | D:7      | Found a staircase to the Ecumenical Temple.
  5250 | Temple   | Entered the Ecumenical Temple
  5496 | Temple   | Became a worshipper of Makhleb the Destroyer
  5636 | D:8      | Found Moulliku's Magic Scroll Shoppe.
  5714 | D:8      | Reached skill level 1 in Invocations
  5774 | D:8      | Gained mutation: Your natural rate of healing is unusually fast. [mutagenic meat]
  5775 | D:8      | Gained mutation: Your spells are a little easier to cast, but a little less powerful. [mutagenic meat]
  5776 | D:8      | Gained mutation: Your spells are easier to cast, but less powerful. [mutagenic meat]
  5878 | D:8      | Acquired Makhleb's first power
  5945 | D:8      | Reached skill level 5 in Invocations
  5965 | D:8      | Got a shimmering rapier
  5969 | D:8      | Identified the cursed -2 rapier of Courage {flame, rF+} (You took it off a crimson imp on level 8 of the Dungeon)
  6029 | D:8      | Found a shadowy altar of Dithmenos.
  6368 | D:9      | Found a staircase to the Orcish Mines.
  6368 | D:9      | Found Kymanwu's General Store.
  6394 | D:9      | Noticed a komodo dragon
  6403 | D:9      | Reached XP level 10. HP: 58/78 MP: 15/21
  6420 | D:9      | Killed a komodo dragon
  6467 | D:9      | Found Psahez's Armour Boutique.
  6647 | D:9      | Found Vulioc's Weapon Shoppe.
  6654 | D:9      | Found Mnuoc's General Store.
  6657 | D:9      | Found Shruan's Magic Scroll Boutique.
  6677 | D:9      | Found a staircase to the Lair.
  6720 | D:9      | Acquired Makhleb's second power
  6725 | D:9      | Reached skill level 10 in Invocations
  7287 | D:9      | Noticed an ice statue
  7362 | D:10     | Entered Level 10 of the Dungeon
  7562 | D:10     | Noticed a hill giant
  7573 | D:10     | Killed a hill giant
  7664 | D:10     | Acquired Makhleb's third power
  7692 | D:10     | Noticed a hill giant
  7704 | D:10     | Killed a hill giant
  7704 | D:10     | Reached XP level 11. HP: 33/84 MP: 10/27
  7963 | D:10     | Reached skill level 14 in Invocations
  8367 | Lair:1   | Entered Level 1 of the Lair of Beasts
  9576 | Lair:1   | Acquired Makhleb's fourth power
 10076 | Lair:2   | Reached skill level 15 in Axes
 10297 | Lair:2   | Reached skill level 5 in Fighting
 11364 | Lair:3   | Reached XP level 12. HP: 71/101 MP: 20/29
 11541 | Lair:3   | Acquired Makhleb's fifth power
 11624 | Lair:3   | Reached skill level 1 in Evocations
 12313 | Lair:3   | Noticed Maud
 12337 | Lair:3   | Killed Maud
 12337 | Lair:3   | Reached skill level 5 in Evocations
 12678 | Lair:4   | Noticed a death yak
 13125 | Lair:4   | Noticed a death yak
 13133 | Lair:4   | Killed a death yak
 13219 | Lair:4   | Reached skill level 16 in Axes
 13343 | Lair:4   | Noticed a death yak
 13348 | Lair:4   | Killed a death yak
 13383 | Lair:4   | Killed a death yak
 13386 | Lair:4   | Noticed a death yak
 13401 | Lair:4   | Killed a death yak
 13515 | Lair:4   | Got a faintly humming robe
 13540 | Lair:4   | Noticed Nergalle
 13584 | Lair:4   | Killed Nergalle
 13584 | Lair:4   | Reached skill level 17 in Axes
 14561 | Lair:5   | Reached XP level 13. HP: 104/107 MP: 29/29
 14696 | Lair:5   | Reached skill level 18 in Axes
 14856 | Lair:5   | Found a staircase to the Shoals.
 15853 | Lair:1   | Identified the +1 robe of Zelybuy {rPois+ Int-2 Slay+5} (You found it on level 4 of the Lair of Beasts)
 15869 | Lair:1   | Gained mutation: You can spit poison. [potion of mutation]
 15869 | Lair:1   | Gained mutation: You can spit moderately strong poison. [potion of mutation]
 15870 | Lair:1   | Gained mutation: You can spit strong poison. [potion of mutation]
 15995 | Lair:6   | Found a hole to the Spider Nest.
 16409 | Lair:6   | Reached skill level 10 in Armour
 17784 | Lair:7   | Found a staircase to the Slime Pits.
 17787 | Lair:7   | Found a viscous altar of Jiyva.
 17914 | Lair:7   | Reached skill level 19 in Axes
 18645 | Lair:7   | Reached skill level 20 in Axes
 18684 | Lair:7   | Identified a scroll of acquirement
 18927 | D:9      | Bought a scroll of brand weapon for 220 gold pieces
 18927 | D:9      | Bought a scroll of identify for 22 gold pieces
 18927 | D:9      | Bought a scroll of blinking for 82 gold pieces
 18933 | D:9      | Bought a scroll of identify for 22 gold pieces
 18933 | D:9      | Bought a scroll of identify for 22 gold pieces
 18933 | D:9      | Bought a scroll of enchant weapon for 82 gold pieces
 18933 | D:9      | Bought a scroll of recharging for 104 gold pieces
 18933 | D:9      | Bought a scroll of teleportation for 33 gold pieces
 18933 | D:9      | Bought a scroll of fog for 22 gold pieces
 19364 | Lair:8   | Entered Level 8 of the Lair of Beasts
 19493 | Lair:8   | Reached XP level 14. HP: 115/115 MP: 30/30
 19779 | Lair:8   | Reached skill level 21 in Axes
 20102 | Lair:8   | Cast into the Abyss (a wizard)
 20137 | Lair:8   | Escaped the Abyss
 20150 | Lair:8   | Found a burning altar of Makhleb.
 20864 | Lair:8   | Found a gateway to Hell.
 21233 | D:9      | Bought a +0 cloak of invisibility for 172 gold pieces
 21233 | D:9      | Bought a +3 plate armour of fire resistance for 675 gold pieces
 21470 | D:11     | Gained mutation: You occasionally shout uncontrollably at your foes. [mutagenic meat]
 21742 | D:11     | Reached skill level 22 in Axes
 21748 | D:11     | Found Gotairch's Antique Weapon Emporium.
 21919 | D:12     | Noticed Erolcha
 21927 | D:12     | Killed Erolcha
 22012 | D:12     | Found an opulent altar of Gozag.
 22206 | D:12     | Got a faintly humming cloak
 22217 | D:12     | Identified the cursed -1 cloak "Bryomu" {rElec rPois+ MP+9 Str-4} (You found it on level 12 of the Dungeon)
 22857 | D:13     | Noticed Harold
 22876 | D:13     | Killed Harold
 22991 | D:13     | Found a snail-covered altar of Cheibriados.
 23257 | D:13     | Noticed a fire giant
 23265 | D:13     | Killed a fire giant
 23617 | D:14     | Noticed a storm dragon
 23632 | D:14     | Killed a storm dragon
 23632 | D:14     | Reached XP level 15. HP: 82/121 MP: 31/31
 24100 | D:14     | Found a gate to the Vaults.
 24143 | D:14     | Noticed Frances
 24151 | D:14     | Killed Frances
 24412 | D:14     | Noticed Nessos
 24446 | D:14     | Killed Nessos
 24645 | D:14     | Noticed Roxanne
 24768 | D:14     | Gained mutation: Armour fits poorly on your strangely shaped body. [mutagenic meat]
 24902 | D:14     | Noticed Snorg
 24911 | D:14     | Killed Snorg
 25282 | D:14     | Killed Roxanne
 25284 | D:14     | Identified Roxanne's Compendium of Earthen Changing (You took it off Roxanne on level 14 of the Dungeon)
 25315 | D:15     | Entered Level 15 of the Dungeon
 25325 | D:15     | Reached skill level 15 in Armour
 25582 | D:15     | Found a stormy altar of Qazlal.
 25620 | D:15     | Gained mutation: You sometimes yell uncontrollably at your foes. [mutagenic meat]
 25658 | D:15     | Found a staircase to the Depths.
 25912 | D:15     | Found a deep blue altar of Sif Muna.
 26217 | Orc:1    | Entered Level 1 of the Orcish Mines
 26229 | Orc:1    | Found Pnizuutt's Jewellery Emporium.
 26449 | Orc:2    | Noticed Josephine
 26467 | Orc:2    | Killed Josephine
 26663 | Orc:2    | Found a roughly hewn altar of Beogh.
 26929 | Orc:2    | Noticed Urug
 26940 | Orc:2    | Killed Urug
 27503 | Orc:3    | Found a staircase to the Elven Halls.
 27937 | Orc:3    | Noticed Donald
 27947 | Orc:3    | Killed Donald
 28130 | Orc:4    | Entered Level 4 of the Orcish Mines
 28130 | Orc:4    | Found Tho Mnudgh's Antique Weapon Emporium.
 29009 | Orc:4    | Found Klimodecah's General Store.
 29165 | Orc:4    | Reached XP level 16. HP: 113/128 MP: 32/32
 29199 | Orc:4    | Found Owimewk's Jewellery Boutique.
 29475 | Orc:4    | Found Sheuclesiq's Antique Armour Boutique.
 29507 | Orc:4    | Bought the -2 hat of the Alchemist {rElec rPois+ rF+ rC+ rN+ MR+ rMut rCorr} for 1180 gold pieces
 29708 | Lair:1   | Lost mutation: You sometimes yell uncontrollably at your foes. [potion of cure mutation]
 29708 | Lair:1   | Lost mutation: You can spit strong poison. [potion of cure mutation]
 29708 | Lair:1   | Lost mutation: Your spells are easier to cast, but less powerful. [potion of cure mutation]
 29708 | Lair:1   | Lost mutation: Armour fits poorly on your strangely shaped body. [potion of cure mutation]
 29708 | Lair:1   | Lost mutation: Your natural rate of healing is unusually fast. [potion of cure mutation]
 29975 | Spider:1 | Entered Level 1 of the Spider Nest
 29985 | Spider:1 | Reached skill level 23 in Axes
 30230 | Spider:1 | Reached skill level 1 in Throwing
 30983 | Spider:1 | Reached skill level 5 in Throwing
 30991 | Spider:1 | Noticed Asterion
 31001 | Spider:1 | Killed Asterion
 32631 | Spider:2 | Reached skill level 10 in Fighting
 33467 | Spider:3 | Noticed Azrael
 33478 | Spider:3 | Killed Azrael
 34662 | Spider:4 | Reached XP level 17. HP: 148/148 MP: 33/33
 36253 | Spider:5 | Entered Level 5 of the Spider Nest
 36419 | Spider:5 | Noticed Arachne
 36615 | Spider:4 | Killed Arachne
 36615 | Spider:4 | Reached skill level 15 in Invocations
 36758 | Spider:5 | Noticed Aizul
 36774 | Spider:5 | Killed Aizul
 36778 | Spider:5 | HP: 7/152 [emperor scorpion (8)]
 36791 | Spider:5 | HP: 7/152 [trapdoor spider (8)]
 36793 | Spider:5 | HP: 1/152 [trapdoor spider (7)]
 37500 | D:6      | Bought a potion of heal wounds for 60 gold pieces
 37500 | D:6      | Bought a potion of curing for 36 gold pieces
 37500 | D:6      | Bought a potion of curing for 36 gold pieces
 37500 | D:6      | Bought a potion of might for 48 gold pieces
 37500 | D:6      | Bought 2 potions of curing for 72 gold pieces
 37500 | D:6      | Bought a potion of flight for 36 gold pieces
 37500 | D:6      | Bought a potion of agility for 48 gold pieces
 37500 | D:6      | Bought a potion of berserk rage for 60 gold pieces
 37500 | D:6      | Bought a potion of flight for 36 gold pieces
 38136 | Spider:5 | Got a bone quarterstaff
 38160 | Spider:5 | Gained mutation: You heal slowly when monsters are visible. [mutagenic meat]
 39501 | Spider:5 | Reached skill level 1 in Dodging
 39582 | Spider:5 | Noticed Norris
 39622 | Spider:5 | Killed Norris
 40273 | Spider:5 | Got a gossamer rune of Zot
 40575 | Lair:1   | Identified the +2 quarterstaff of Zittenud {freeze, rPois+} (You found it on level 5 of the Spider Nest)
 40741 | Shoals:1 | Entered Level 1 of the Shoals
 40911 | Shoals:1 | Reached XP level 18. HP: 129/160 MP: 35/35
 40920 | Shoals:1 | Got a bound turquoise ring
 40922 | Shoals:1 | Identified the ring "Mnyurab" {+Fly rPois+ rF++ rC- Dex+4} (You found it on level 1 of the Shoals)
 40959 | Shoals:1 | Reached skill level 5 in Dodging
 41745 | Shoals:2 | Noticed Polyphemus
 41787 | Shoals:2 | Killed Polyphemus
 42227 | Shoals:3 | Noticed Herpmino's ghost (mighty TeWz)
 42471 | Shoals:3 | Killed Herpmino's ghost
 43031 | Shoals:3 | Identified a +0 rod of clouds (9/9) (You found it on level 3 of the Shoals)
 43261 | Shoals:3 | Got a polished chain mail
 43373 | Shoals:3 | Identified the +8 chain mail of Uwket {rN+ Str+3} (You found it on level 3 of the Shoals)
 43844 | Shoals:3 | Reached skill level 10 in Evocations
 45103 | Shoals:5 | Entered Level 5 of the Shoals
 45129 | Shoals:5 | Identified the Tome of Necromancy and Conjuration
 45341 | Shoals:5 | HP: 7/240 [merfolk aquamancer/ball of steam (6)]
 45342 | Shoals:5 | Noticed Ilsuiw
 45344 | Shoals:5 | Cast into the Abyss (merfolk impaler)
 45344 | Abyss:1  | Found a corrupted altar of Lugonu.
 45626 | Abyss:1  | Found a corrupted altar of Lugonu.
 45795 | Shoals:5 | Escaped the Abyss
 46279 | Shoals:5 | Killed from afar by a merfolk aquamancer

Action                   |  1- 3 |  4- 6 |  7- 9 | 10-12 | 13-15 | 16-18 || total
-------------------------+-------+-------+-------+-------+-------+-------++-------
Melee: War axe           |    69 |   165 |   482 |  1013 |   544 |       ||  2273
       Executioner's axe |       |       |       |       |   731 |  1227 ||  1958
Throw: Tomahawk          |       |       |       |       |       |    14 ||    14
Invok: Minor Destruction |       |       |       |    36 |    26 |    54 ||   116
       Greater Servant o |       |       |       |     4 |     9 |    19 ||    32
       Major Destruction |       |       |       |     1 |     3 |       ||     4
 Abil: Spit Poison       |       |       |       |       |     4 |       ||     4
       Evoke Flight      |       |       |       |       |       |     7 ||     7
       Evoke Invisibilit |       |       |       |       |       |     5 ||     5
Evoke: Wand              |       |       |       |     4 |     1 |       ||     5
       Box of beasts     |       |       |       |       |       |     2 ||     2
  Use: Scroll            |     1 |       |    10 |     9 |    27 |    21 ||    68
       Potion            |       |       |     1 |     8 |     8 |    20 ||    37
 Stab: Distracted        |       |       |       |     3 |       |     5 ||     8
       Confused          |       |       |       |     1 |     1 |       ||     2
       Petrified         |       |       |       |     1 |       |     3 ||     4
       Invisible         |       |       |       |       |       |    11 ||    11
  Eat: Chunk             |       |     5 |    16 |    30 |    50 |    55 ||   156
       Beef jerky        |       |       |       |       |     2 |       ||     2
       Royal jelly       |       |       |       |       |     1 |       ||     1
       Bread ration      |       |       |       |       |       |     1 ||     1
       Meat ration       |       |       |       |       |       |     1 ||     1
